← All builds
Suicide front / Armada / Factory first / OBSERVED BUILD

Standard suicide front

Armada Suicide front build order · Supreme Isthmus

The role's baseline: Bot Lab at 0:21 then straight into reclaim-fed T1 bot production to contest the middle and hold until T2 arrives, with an Advanced Metal Extractor around 9:45.

#rush · 2010 distinct matches · 229 players · 72% of Armada Suicide front games · team won 59% of 2383 · Recently observed

HOW TO PLAY IT

Key timing: Bot Lab by 0:20

  1. Open with mex and lab-first to get Bot Lab up by 0:20.
  2. Expand mex and wind while lab pumps units toward middle.
  3. Push Sentry and early Rocketeer, Centurion to contest middle.
  4. Get T2 constructor out once Pond's boost lets you spare metal.
  5. Upgrade mex to Advanced Metal Extractor as you transition off T1 spam.

Phase by phase

TYPICAL OF ITS 2010 GAMES
  1. 1
  2. 2
  3. 3
PLAY THE OPENING

Follow the example game's first 6:00 step by step: what to build now, what comes next, and where it goes. At 1× it keeps pace with your own game.

  1. 1

    Bot Lab first

    Order
    1. Bot LabBot Lab done ~0:21, middle half 0:20–0:33

    Some games also: mex (44%)

  2. 2

    Bot Lab to 5:00

    Economy
    • Metal Extractor5Mex
    • Wind Turbine4Wind
    Builders
    • Construction Bot3 Con bot
    • Lazarus2 Lazarus
    Army
    • Sentry4 Sentry
    • Rocketeer16 Rocketeer
    • Tick2 Tick
    • Centurion1 Centurion
    Other
    • Radar Tower1 Radar Tower

    Some games also: pawn (38%) · con turret (34%)

    By 5:00 in all: 5 mex · 4 wind

    The example game in this phase · 21 steps
    1. LazarusLazarus
    2. Wind ×2
    3. SentrySentry
    4. CenturionCenturion
    5. Mex ×2
    6. LazarusLazarus
    7. CenturionCenturion
    8. Mex
    9. SentrySentry
    10. Construction BotCon bot
    11. Mex
    12. Construction BotCon bot
    13. SentrySentry ×2
    14. TickTick
    15. RocketeerRocketeer ×5
    16. LazarusLazarus
    17. RocketeerRocketeer ×5
    18. TickTick
    19. LazarusLazarus
    20. Construction BotCon bot
    21. RocketeerRocketeer ×2
  3. 3

    5:00 to 10:00

    Economy
    • Metal Extractor1Mex
    • Wind Turbine15Wind
    Builders
    • Construction Turret2 Con turret
    • Lazarus2 Lazarus
    • Construction Bot1 Con bot
    Army
    • Sentry1 Sentry
    • Rocketeer8 Rocketeer

    Some games also: pawn (49%) · Radar Tower (46%) · tick (45%) · centurion (44%) · energy storage (43%) · eat Bot Lab (31%)

    By 10:00 in all: 6 mex · 21 wind · 1 energy storage · 2 con turret

    The example game in this phase · 91 steps
    1. RocketeerRocketeer
    2. Mex
    3. RocketeerRocketeer ×5
    4. TickTick
    5. LazarusLazarus
    6. Construction BotCon bot
    7. RocketeerRocketeer
    8. Wind
    9. RocketeerRocketeer ×5
    10. TickTick
    11. LazarusLazarus
    12. SentrySentry
    13. Construction BotCon bot
    14. RocketeerRocketeer ×2
    15. SentrySentry
    16. RocketeerRocketeer ×3
    17. TickTick
    18. LazarusLazarus
    19. Construction BotCon bot
    20. RocketeerRocketeer ×5
    21. TickTick
    22. LazarusLazarus
    23. Construction BotCon bot
    24. RocketeerRocketeer ×5
    25. TickTick
    26. LazarusLazarus
    27. Advanced Metal ExtractorT2 mexdone 10:20 · typical 9:46
    28. RocketeerRocketeer
    29. Construction BotCon bot
    30. Wind
    31. RocketeerRocketeer
    32. Wind
    33. RocketeerRocketeer
    34. Wind
    35. RocketeerRocketeer ×2
    36. CenturionCenturion
    37. Wind
    38. Radar TowerRadar Tower
    39. Wind
    40. RocketeerRocketeer
    41. SentrySentry
    42. Wind ×2
    43. Advanced Metal ExtractorT2 mex
    44. TickTick
    45. Wind
    46. RocketeerRocketeer ×2
    47. Wind
    48. NettleNettle
    49. Wind
    50. SentrySentry
    51. Wind ×3
    52. Advanced Metal ExtractorT2 mex
    53. RocketeerRocketeer
    54. Wind ×3
    55. Energy storage
    56. TickTick
    57. Wind
    58. LazarusLazarus
    59. Energy storage
    60. LazarusLazarus
    61. Wind
    62. Advanced Metal ExtractorT2 mex
    63. Energy storage
    64. Wind ×3
    65. PawnPawn
    66. Wind ×2
    67. TickTick
    68. CenturionCenturion
    69. Wind ×4
    70. PawnPawn
    71. Wind ×2
    72. TickTick
    73. BeamerBeamer
    74. CenturionCenturion
    75. Wind
    76. BeamerBeamer
    77. Wind ×2
    78. BeamerBeamer
    79. Wind
    80. LazarusLazarus
    81. Wind ×3
    82. PawnPawn
    83. Wind
    84. LazarusLazarus
    85. Wind
    86. PawnPawn
    87. Wind
    88. Con turret
    89. Wind
    90. Con turret
    91. TickTick

Counts are medians over the build's games: half of them build more, half fewer. The example game is [Crd]HahnII's (31 OS, 13/10/2026); pick another.

Team trades

IN AT LEAST 30% OF ITS GAMES

You hand over

Nothing regular.

You get

  • Tidal Generator4 Tidal from Pondfirst at 0:10 · in 68% of games
  • Advanced Construction Bot1 T2 con bot from Geo or Techfirst at 7:41 · in 57% of games

How it plays out

Typical game of this build, running totals by minute

Metal produced

010k20k
0:005:0010:0015:00

metal

Enemy metal destroyed

05k10k
0:005:0010:0015:00

metal

Own metal lost

05k10k
0:005:0010:0015:00

metal

2383 games.

Show as table
ByMetal produced: This buildEnemy metal destroyed: This buildOwn metal lost: This build
1:0023000
2:0088700
3:002009184130
4:003110645501
5:00418513571000
6:00534921831712
7:00653930512597
8:00776039393502
9:00904647004376
10:001041853145163
11:001189458585965
12:001360664076686
13:001540768797437
14:001729875058212
15:001926981098991
WHAT THE NUMBERS SAY

Standard Suicide front play wins a bit over half its games while taking the heaviest own losses of any role by 15:00.

  • + Produces 20142 metal by 15:00, highest of the front roles.
  • + First kill by 2:01 in all games, fastest contest of middle.
  • − Own metal lost hits 9178 by 15:00, more than enemy metal destroyed.
  • − Only 34% Rocketeer share shows army spread thin across many bot types.
THE EXAMPLE YOU ARE READING

[Crd]HahnII

31.1 OS · 13/10/2026

Open source match ↗

19 received units · includes a constructor
103 metal received · 10163 energy received

Allied construction assistance is unknown. Timings are observations, not a promise of solo reproducibility.

Typical milestones

Bot Lab0:21Middle 50%: 0:20–0:33 · n=2375
Advanced Metal Extractor9:46Middle 50%: 8:50–10:58 · n=1723

Played most by

_X_262games of this buildPlatinumBlonde188games of this buildXad166games of this buildTrapCaT107games of this buildImmort80games of this build